 Dungeon Crawl Stone Soup version 0.32-a0-560-g4c7f4391e0 (webtiles) character file.

Game seed: 1185681253793913809

7737 jasper the Fighter (level 11, -5/101 HPs)
             Began as a White Draconian Shapeshifter on Feb 29, 2024.
             Was a Priest of Beogh (penitent).
             Killed by divine providence
             ... invoked by an orc priest
              (12 damage)
             ... on level 10 of the Dungeon.
             The game lasted 00:14:26 (8634 turns).

jasper the Fighter (White Draconian Shapeshifter)   Turns: 8634, Time: 00:14:26

Health: -5/101     AC: 10    Str: 20    XL:     11   Next: 0%
Magic:  17/17      EV: 16    Int: 11    God:    Beogh [***...]
Gold:   586        SH:  0    Dex: 11    Spells: 10/10 levels left

rFire   . .          .
                       - Unarmed
rCold   + . .        (shield currently unavailable)
rNeg    + . .        (body armour unavailable)
rPois   .            y - +2 hat {SInv}
rElec   .            f - +0 cloak
rCorr   .            (no gloves)
SInv    +            (no boots)
Will    +....        o - amulet of the Shining Light {Acrobat Fly Stlth+}
Stlth   +            e - ring of positive energy
HPRegen 0.36/turn    r - ring of willpower
MPRegen 0.15/turn

%: acrobat
@: flux-form, flying, glowing
A: glow, contaminating, glacial breath, AC +7, unfitting armour, cold resistance
1, cold-blooded
a: Glacial Breath, Begin Untransformation, Renounce Religion


You were on level 10 of the Dungeon.
You worshipped Beogh.
Beogh was demanding penance.
You were something dangerously unstable.
You visited 1 branch of the dungeon, and saw 10 of its levels.

You collected 650 gold pieces.
You spent 64 gold pieces at shops.

Inventory:

Hand Weapons
 v - the +7 whip "Sassuerph" {flame, rCorr MP+9}
   (You took it off a gnoll on level 5 of the Dungeon)

   MP+9:      It affects your magic capacity (+9).
   rCorr:     It protects you from acid and corrosion.
Missiles
 h - 83 stones (quivered)
 i - 10 poisoned darts
 j - 6 javelins
 u - 2 throwing nets
 x - 3 boomerangs
Armour
 f - a +0 cloak (worn)
 y - a +2 hat of see invisible (worn)
Jewellery
 e - a ring of positive energy (left hand)
 o - the amulet of the Shining Light (around neck) {Acrobat Fly Stlth+}
   (You took it off an orc on level 5 of the Dungeon)

   [amulet of the acrobat]

   Acrobat:   It increases your evasion while moving and waiting.
   Fly:       It grants you flight.
   Stlth+:    It makes you more stealthy.
 r - a ring of willpower (right hand)
 s - a +6 ring of intelligence
Talismans
 b - a beast talisman
 c - a flux talisman (active)
 d - a dragon-blood talisman
 k - a serpent talisman
Wands
 g - a wand of flame (14)
 p - a wand of acid (9)
Scrolls
 l - a scroll of immolation
 n - a scroll of butterflies
 z - 2 scrolls of identify
Potions
 a - a potion of lignification
 m - a potion of ambrosia
 t - a potion of curing
 w - a potion of brilliance
 A - a potion of degeneration
 C - a potion of attraction


   Skills:
 + Level 10.7 Fighting
 - Level 1.7 Dodging
 + Level 10.3 Unarmed Combat
 - Level 8.0 Invocations
 - Level 7.0 Shapeshifting


You had 10 spell levels left.
You didn't know any spells.
Your spell library contained the following spells:

 Spells                   Type           Power      Damage    Failure   Level
 Ensorcelled Hibernation  Hex/Ice        0%         N/A       47%         2
 Passwall                 Erth           0%         N/A       71%         3
 Swiftness                Air            0%         N/A       71%         3


Dungeon Overview and Level Annotations

Branches:
Dungeon (10/15)            Temple (0/1) D:6            Lair (0/5) D:8
    Orc: D:9-12

Altars:
Sif Muna
Xom
Yredelemnul

Shops:
D:2 (*=


Innate Abilities, Weirdness & Mutations

You are something dangerously unstable.
You glow with magical radiation, making you easy to see and hit.
Foes you strike become dangerously contaminated with magical radiation.
You are incapable of wielding weapons or throwing items.
Your facial features look somewhat orcish.
You can breathe waves of cold which freeze foes solid.
Your icy white scales are hard. (AC +7)
You cannot fit into any form of body armour.
Your flesh is cold resistant. (rC+)
You are cold-blooded and may be slowed by cold attacks.


Message History

Beogh smites you!
* * * LOW HITPOINT WARNING * * *
The water moccasin hisses angrily.
You take 7 damage, and have 14/93 hp.
You feel better. The water moccasin barely misses you.
Marbork hits you from afar with the +0 trident "Orb Guardian's Peril".
* * * LOW HITPOINT WARNING * * *
You partially resist.
You feel drained.
You regained 5 hp, and now have 19/92 hp.
The water moccasin closely misses you.
Marbork invokes the aid of Beogh against you.
Beogh smites you!
* * * LOW HITPOINT WARNING * * *
The water moccasin bites you.
* * * LOW HITPOINT WARNING * * *
You take 16 damage, and have 3/92 hp.
Okay, then.
Unknown command.
As you read the scroll of fear, it crumbles to dust.
You assume a fearsome visage.
Marbork looks frightened!
The water moccasin looks frightened! x2
You see here a +0 orcbow.
There is a stone staircase leading down here.
Beogh is disappointed with your cowardice. "Reflect upon your actions, mortal!"
You feel a bit more experienced.
You fly downwards.
A malevolent force fills the Dungeon... and a teleportation trap spontaneously manifests!
You are yanked towards a nearby monster!
Your surroundings suddenly seem different.
An orc priest and an orc come into view.
The orc priest shouts!
The orc shouts!
You hear a shout!
Your life force feels restored.
You feel power welling in your lungs.
You have reached level 11!
MP restored: 17 You reach down and open the door.
The orc priest invokes the aid of Beogh against you.
Beogh smites you!
You die...
Beogh appreciates the orc priest's killing of a heretic priest.

# ##.## + ##
##o## ##
#####.##### #
######.#####.#
#............#
#.####.#####
##.##
#.####.#####
#.####p#####
#.####'#####
... .....
.......
........+
#........#
#........#


You could see an orc priest.

Vanquished Creatures
  Gastronok (D:8)
  Pikel (D:8)
  A komodo dragon (D:8)
  Jeremiah (D:8)
  Psyche (D:8)
  Prince Ribbit (D:6)
  Sigmund (D:2)
  2 wyverns (D:9)
  5 yaks (D:8)
  A human (D:3)
  2 steam dragons
  Duvessa (D:6)
  An ice beast (D:6)
  A sky beast (D:6)
  A black bear (D:6)
  2 ogres (D:4)
  A lemure (D:8)
  3 centaurs
  3 phantoms
  2 kobold brigands (D:9)
  4 scorpions
  2 gnoll sergeants
  3 bullfrogs
  10 wights
  Dowan (D:6)
  6 killer bees (D:9)
  3 howler monkeys (D:8)
  A bombardier beetle (D:5)
  A quasit (D:7)
  4 hounds
  3 jellies
  4 orc priests
  2 sleepcaps
  4 iguanas
  4 orc wizards
  6 adders
  7 gnolls
  5 shadow imps
  5 white imps
  An ufetubus (D:7)
  2 dart slugs
  2 ribbon worms
  19 orcs
  4 endoplasms
  3 giant cockroaches
  4 goblins
  5 hobgoblins
  9 jackals
  18 kobolds
  7 ball pythons
  11 bats
  3 frilled lizards (D:2)
  A kobold zombie (D:3)
  2 rats
198 creatures vanquished.

Vanquished Creatures (others)
  An orc apostle (D:9)
1 creature vanquished.

Grand Total: 199 creatures vanquished

Notes
Turn   | Place    | Note
-------+----------+-------------------------------------------
     0 | D:1      | jasper the Draconian Shapeshifter began the quest for the
                  | Orb.
     0 | D:1      | Reached XP level 1. HP: 16/16 MP: 1/1
    71 | D:1      | Reached XP level 2. HP: 23/23 MP: 2/2
   142 | D:1      | Found a faded altar of an unknown god.
   445 | D:2      | Found Vaid's Weapon Emporium.
   456 | D:2      | Found Hienider's General Store.
   473 | D:2      | Bought a +0 cloak for 49 gold pieces
   473 | D:2      | Bought a wand of flame (2) for 15 gold pieces
   488 | D:2      | Noticed Sigmund
   505 | D:2      | Killed Sigmund
   506 | D:2      | Reached skill level 5 in Shapeshifting
   506 | D:2      | Reached XP level 3. HP: 11/28 MP: 3/3
   506 | D:2      | Reached XP level 4. HP: 14/35 MP: 4/4
   506 | D:2      | Reached XP level 5. HP: 16/40 MP: 5/5
   709 | D:2      | Found Qasocvy's Jewellery Emporium.
  1551 | D:3      | Found a runed translucent door.
  1551 | D:3      | Noticed a human
  1559 | D:3      | Found a basalt altar of Yredelemnul.
  1575 | D:3      | Killed a human
  1644 | D:3      | Reached XP level 6. HP: 43/47 MP: 6/6
  2532 | D:4      | Your scales start taking on an icy white colour.
  2532 | D:4      | Reached XP level 7. HP: 56/56 MP: 7/7
  2532 | D:4      | Gained mutation: Your flesh is cold resistant. (rC+) [White
                  | Draconian growth]
  3206 | D:5      | Entered Level 5 of the Dungeon
  3247 | D:5      | Became a worshipper of Beogh the Shepherd
  3341 | D:5      | Identified the amulet of the Shining Light {Acrobat Fly
                  | Stlth+}
  3584 | D:5      | Reached skill level 5 in Unarmed Combat
  3683 | D:5      | Reached XP level 8. HP: 67/67 MP: 8/8
  3684 | D:5      | Identified the +7 whip "Sassuerph" {flame, rCorr MP+9}
  3731 | D:5      | Reached skill level 5 in Fighting
  4054 | D:5      | Found a shimmering blue altar of Sif Muna.
  4493 | D:6      | Noticed Dowan
  4493 | D:6      | Noticed Duvessa
  4502 | D:6      | Killed Duvessa
  4506 | D:6      | Killed Dowan
  5113 | D:6      | Reached * piety under Beogh
  5286 | D:6      | Noticed Prince Ribbit
  5291 | D:6      | Killed Prince Ribbit
  5292 | D:6      | Reached XP level 9. HP: 79/79 MP: 9/9
  5373 | D:6      | Found a staircase to the Ecumenical Temple.
  6366 | D:7      | Reached ** piety under Beogh
  6477 | D:7      | Reached skill level 1 in Invocations
  7226 | D:8      | Noticed Psyche
  7226 | D:8      | Noticed Pikel
  7246 | D:8      | Noticed Gastronok
  7318 | D:8      | Killed Psyche
  7319 | D:8      | Reached skill level 5 in Invocations
  7348 | D:8      | Killed Gastronok
  7349 | D:8      | Reached XP level 10. HP: 66/91 MP: 10/15
  7744 | D:8      | Noticed Jeremiah
  7755 | D:8      | Killed Jeremiah
  7761 | D:8      | Killed Pikel
  8104 | D:8      | Found a staircase to the Lair.
  8117 | D:8      | Reached skill level 10 in Fighting
  8271 | D:9      | Found a shimmering altar of Xom.
  8349 | D:9      | Reached skill level 10 in Unarmed Combat
  8565 | D:9      | Reached *** piety under Beogh
  8614 | D:9      | Identified the +0 trident "Orb Guardian's Peril" {drain,
                  | *Noise rN++ Dex+5}
  8614 | D:9      | Noticed Marbork
  8622 | D:9      | HP: 3/92 [water moccasin[Marbork the orc apostle] (3)]
  8631 | D:9      | Was placed under penance by Beogh
  8631 | D:9      | Killed Marbork the orc apostle
  8631 | D:9      | Fled from a divine trial
  8631 | D:10     | Entered Level 10 of the Dungeon
  8632 | D:10     | Reached XP level 11. HP: 6/101 MP: 17/17
  8634 | D:10     | Killed from afar by an orc priest

Illustrated notes

Levels and vault maps discovered:
D:1:      roderic_dead_forest, layout_basic, ebering_ecumenical_altar_webs
D:2:      layout_basic, serial_shops, nicolae_shop_window_shopping, shop,
          nicolae_shop_waterfront, minmay_quadrilaterals, uniq_sigmund
D:3:      layout_rooms, dk_yredelemnul_ordeal
D:4:      layout_basic, serial_co_window_serial, co_window_corner_a,
          co_window_corner_a, co_window_paths_a, co_window_cross_1,
          co_window_corner_a, co_window_broadway_b, co_window_corner_b,
          co_window_cross_2, co_window_corner_cb, co_window_paths_e,
          co_window_paths_d, glass_columns_a, glass_columns_a, glass_columns_a,
          glass_columns_b, kennysheep_generic_room_16
D:5:      layout_basic, marbit_many_paths, serial_rivers,
          chequers_serial_rivers_small_3, chequers_serial_rivers_micro_d,
          chequers_serial_rivers_micro_a, chequers_serial_rivers_marsh,
          chequers_serial_rivers_micro_d, chequers_serial_rivers_large_a
D:6:      layout_cave_pods, temple_pool_b, uniq_duvessa, uniq_prince_ribbit1
D:7:      layout_gridville, serial_demonic, serial_demonic_c, serial_demonic_e,
          serial_demonic_e, serial_demonic_g, serial_demonic_e, serial_demonic_b
D:8:      layout_gridville, david_lair_shrubbed, kennysheep_generic_room_14,
          uniq_pikel, uniq_gastronok, uniq_jeremiah, uniq_psyche
D:9:      layout_cross, mainiacjoe_overflow_catwalk, makhleb_altar_promises_db
D:10:     layout_roguey, minitemple, reono_crystal_passage, minmay_statue_bubble

Skill      XL: |  1  2  3  4  5  6  7  8  9 10 |
---------------+-------------------------------+-----
Shapeshifting  | 5 6 7 |  7.0
Fighting       | 2 4 7 9 10 | 10.7
Unarmed Combat | 5 7 8 10 | 10.3
Invocations    | 7 8 |  8.0
Dodging        | |  1.7

Action                     |  1- 3 |  4- 6 |  7- 9 | 10-12 || total
---------------------------+-------+-------+-------+-------++-------
  Melee: Unarmed           |    51 |   162 |   355 |   116 ||   684
         Tailslap          |     8 |    27 |    60 |    24 ||   119
         Punch             |     1 |     1 |       |       ||     2
  Throw: Stone             |       |     2 |       |       ||     2
 Invoke: Convert to Beogh  |       |       |     1 |       ||     1
         Smiting           |       |       |     1 |       ||     1
Ability: Breathe Fire      |       |     1 |       |       ||     1
         Glacial Breath    |       |       |     9 |     3 ||    12
  Evoke: Wand              |       |       |     5 |     4 ||     9
    Use: Scroll            |     2 |     5 |     8 |     4 ||    19
         Potion            |     2 |     1 |     2 |     2 ||     7
   Stab: Sleeping          |       |       |     1 |       ||     1
 Armour: Skin              |    40 |    63 |   189 |    96 ||   388
  Dodge: Dodged            |    45 |   104 |   297 |   136 ||   582
   Form: Dragon            |       |     1 |     1 |       ||     2
         Flux              |       |     1 |     1 |       ||     2

Table legend: (Time is in decaauts)
 A = Elapsed time spent in this place.
 B = Non-inter-level travel time spent in this place.
 C = Inter-level travel time spent in this place.
 D = Time resting spent in this place.
 E = Time spent auto-exploring this place.
 F = Levels seen in this place.
 G = Mean time per level.
                   A        B        C        D        E       F      G
               +--------+--------+--------+--------+--------+-----+--------+
         Total |   8536 |   8328 |    208 |   1364 |   5254 |  10 |  853.6 |
       Dungeon |   8536 |   8328 |    208 |   1364 |   5254 |  10 |  853.6 |
               +--------+--------+--------+--------+--------+-----+--------+

Top non-repeatable levels by time:
     D:8: 1507 daAuts
     D:6: 1447 daAuts
     D:4: 1272 daAuts
     D:5: 1271 daAuts
     D:2: 919 daAuts
     D:7: 751 daAuts
     D:3: 569 daAuts
     D:1: 430 daAuts
     D:9: 366 daAuts
    D:10: 2 daAuts
